AoeStats
← iAlejandrouae

Black Forest

509310558Analyzed
2v2 RM · 5d ago on Sep 26, 2026· 18m 36s· 4 players
Game mode
Random Map
Map size
Medium (4 player)
Population
200
Speed
Normal
Resources
Standard
Victory
Conquest
Starting age
Dark Age
Ending age
Imperial Age
RankedLock teamsTeams togetherTeam positionsShared explorationLock speedFull tech treeHidden civsTurbo modeCheats
Victory
Defeat
🇦🇷 Poles · Argentina
1596
+7
🇦🇺 Mongols · Australia
1375
+15
🇪🇸 Goths · Spain
1408
-12
1336
-10
MaverickGG1403
0:39 Loom
11:56 Feudal Age
12:36 Town Watch
16:39 Castle Age
14:30 Double-Bit Axe
14:26 Horse Collar
14:36 Gold Mining
All Conquistadors Are BSTRD
1:16 Loom
11:06 Feudal Age
13:43 Fletching
Damir
0:42 Loom
11:03 Feudal Age
15:19 Castle Age
13:20 Double-Bit Axe
iAlejandrouae
2:28 Loom
8:35 Feudal Age
9:52 Double-Bit Axe
10:20 Fletching
18:52 Horse Collar
Connection lost

Rejoining the realm…

Still unreachable

The connection could not be restored.

Session expired

The server has moved on; the page needs a fresh start.